cohdb
Replays
Latest Replays
All Replays
Popular Replays
Top Player Replays
Match Explorer
How It Works
Community
CoH3 Stats
Reddit
Sign in to upload your games and track your stats! →
Sign in with Steam
Match 42322638
Unlisted
Match 42322638
Overview
Messages
Build Orders
End
Construct Infanterie Kompanie
Selects Terror Battlegroup
Selects Machine Gun Camouflage
MG 42 Machine Gun Team
Grenadier Squad
Grenadier Squad
GrW 34 Mortar Team
Construct Panzergrenadier Kompanie
Panzergrenadier Squad
Support Elements
Medical Station
Selects Contempt for the Weak
Nebelwerfer 42 Rocket Launcher Team
Panzergrenadier Squad
Selects Propaganda Leaflet Drop
StuG III G Assault Gun
Nebelwerfer 42 Rocket Launcher Team
Pioneer Squad
Propaganda Leaflet Drop
Construct Panzer Kompanie
Panzer IV Medium Tank
Selects V1 Rocket Strike
Grenadier Squad
Grenadier Squad
Infanterie Officer Quarters
Side Skirts
Propaganda Leaflet Drop
Pak 40 Anti-tank Gun Team
Pioneer Squad
AI Takeover
Obi Hung Kenobi
Lukyboom
PKKA
Mustache and Melons
PodadoAim
Mahes
妖杨
InDex
0
0
Comments
sign in to comment!
No comments posted yet!